 Dungeon Crawl Stone Soup version 0.32-a0-995-gb4a59205af (webtiles) character file.

Game seed: 14482491606750687241

51 elagabalus the Firebug (level 3, -1/26 HPs)
             Began as a Demigod Fire Elementalist on Apr 22, 2024.
             Slain by a white imp (3 damage)
             ... on level 3 of the Dungeon.
             The game lasted 00:13:41 (1783 turns).

elagabalus the Firebug (Demigod Fire Elementalist)  Turns: 1783, Time: 00:13:41

Health: -1/26      AC:  6    Str:  9    XL:     3   Next: 36%
Magic:  1/8        EV: 11    Int: 21    God:
Gold:   130        SH:  0    Dex: 14    Spells: 3/6 levels left

rFire   x . .        h - +0 dagger
rCold   + . .        (no shield)
rNeg    . . .        a - +0 robe
rPois   .            m - +2 helmet
rElec   .            (no cloak)
rCorr   .            (no gloves)
SInv    .            r - +0 pair of boots
Will    .....        (no amulet)
Stlth   ++           k - ring of ice
HPRegen 0.24/turn    (no ring)
MPRegen 0.11/turn

%: no passive effects
@: very slightly contaminated
A: high MP 1, forlorn, divine attributes
a: no special abilities


You were on level 3 of the Dungeon.
You visited 1 branch of the dungeon, and saw 3 of its levels.

You collected 130 gold pieces.

Inventory:

Hand Weapons
 h - a +0 dagger (weapon)
Armour
 a - a +0 robe (worn)
 m - a +2 helmet (worn)
 o - a +0 leather armour
 r - a +0 pair of boots (worn)
Magical Staves
 e - a staff of earth
Jewellery
 d - a +6 ring of dexterity
 k - a ring of ice (left hand)
Scrolls
 f - a scroll of identify
 n - a scroll of blinking {unknown}
Potions
 b - 2 potions of magic
 g - 2 potions of enlightenment
 j - 2 potions of lignification {unknown}
 l - 2 potions of curing {unknown}
 p - a potion of heal wounds {unknown}
 q - a potion of ambrosia {unknown}


   Skills:
 - Level 1.7 Dodging
 - Level 1.7 Stealth
 - Level 2.0 Spellcasting
 * Level 1.5 Conjurations
 + Level 3.8 Fire Magic


You had 3 spell levels left.
You knew the following spells:

 Your Spells              Type           Power      Damage    Failure   Level
a - Foxfire               Conj/Fire      52%        2x1d6     4%          1
b - Scorch                Fire           36%        2d6       4%          2

Your spell library contained the following spells:

 Spells                   Type           Power      Damage    Failure   Level
 Inner Flame              Hex/Fire       10%        N/A       21%         3
 Volatile Blastmotes      Fire/Tloc      20%        2d11      21%         3
 Flame Wave               Conj/Fire      13%        2d6       43%         4


Dungeon Overview and Level Annotations

Branches:
Dungeon (3/15)

Shops:
D:2 *


Innate Abilities, Weirdness & Mutations

You have an increased reservoir of magic. (+10% MP)
You shall have no god before yourself.
Your divine heritage dramatically boosts your attributes as you level up.


Message History

The orc priest misses your butterfly.
You swap places.
Your surroundings suddenly seem different.
You feel sick.
You are no longer poisoned.
The white imp shouts!
You hear a shout!
The white imp barely misses you.
Casting: Scorch (safe; 4% risk of failure)
Confirm with . or Enter, or press ? or * to list all spells.
You miscast Scorch.
You are very lightly contaminated with residual magic.
Nothing appears to happen.
The white imp closely misses you.
Casting: Scorch (safe; 4% risk of failure)
Confirm with . or Enter, or press ? or * to list all spells.
Flames lash the white imp.
The white imp is burned terribly!
The white imp is moderately wounded.
The white imp's fire resistance burns away.
The white imp hits you but does no damage.
You closely miss the white imp.
The white imp is moderately wounded.
The white imp hits you but does no damage.
You barely miss the white imp.
The white imp is moderately wounded.
The white imp barely misses you.
You hit the white imp but do no damage.
The white imp is moderately wounded.
The white imp is no longer more vulnerable to fire.
The white imp hits you.
* * * LOW HITPOINT WARNING * * *
The white imp freezes you. You resist.
* * * LOW HITPOINT WARNING * * *
You barely miss the white imp.
The white imp is moderately wounded.
The white imp gestures at you. The puff of frost hits you. You resist.
* * * LOW HITPOINT WARNING * * *
You barely miss the white imp.
The white imp is moderately wounded.
The white imp hits you.
You die...

#.bb..bb[b#
#b........#
#.........#
#bb.......#
#.b.......#
#.b.....B.#
#...).....#
#.b......B#######
#........o5@....#
########.###########.#
.#.........# #.#
.#.........#########.#
.#...).o.............#
.........o#####......#
.......ß.## >.##.ß...#
.....†..## ....##....#
.......#####....##...#


You could see a bombardier beetle, a white imp and an orc.

Vanquished Creatures
  2 dart slugs (D:1)
  2 ribbon worms (D:3)
  3 orcs (D:3)
  5 endoplasms
  A giant cockroach (D:3)
  5 goblins
  3 hobgoblins
  4 quokkas
  3 ball pythons
  3 bats
  4 frilled lizards
  2 rats (D:2)
37 creatures vanquished.

Vanquished Creatures (others)
  32 foxfires
32 creatures vanquished.

Grand Total: 69 creatures vanquished

Notes
Turn   | Place    | Note
-------+----------+-------------------------------------------
     0 | D:1      | elagabalus the Demigod Fire Elementalist began the quest
                  | for the Orb.
     0 | D:1      | Reached XP level 1. HP: 14/14 MP: 5/5
   139 | D:1      | Reached skill level 1 in Conjurations
   250 | D:1      | Reached skill level 3 in Fire Magic
   360 | D:1      | Reached XP level 2. HP: 12/20 MP: 0/7
   363 | D:1      | Learned a level 2 spell: Scorch
   819 | D:2      | Found Zouw's Assorted Antiques.
  1384 | D:3      | Reached XP level 3. HP: 26/26 MP: 4/8
  1548 | D:3      | Identified the +3 ring mail of Love and Death {rF+++ rN++
                  | Will- Str-4}
  1738 | D:3      | Noticed a scorpion
  1783 | D:3      | Slain by a white imp

Illustrated notes

Levels and vault maps discovered:
D:1:      minmay_arrival_nine_rooms, layout_basic
D:2:      layout_loops_ring, dreamdust_ecumenical_altar_statues, serial_rivers,
          chequers_serial_rivers_marsh, chequers_serial_rivers_micro_b,
          chequers_serial_rivers_micro_e, chequers_serial_rivers_large_a,
          chequers_serial_rivers_marsh, serial_shops, nicolae_shop_waterfront
D:3:      layout_basic, nicolae_overflow_ecumenical_swirl, lemuel_crystal_altar,
          uniq_jessica, uniq_terence

Skill      XL: |  1  2 |
---------------+-------+-----
Conjurations   | 1 |  1.5
Fire Magic     | 3 |  3.8
Spellcasting   | 2 |  2.0
Dodging        | |  1.7
Stealth        | |  1.7

Action                     || total
---------------------------++-------
  Melee: Dagger            ||    15
   Cast: Foxfire           ||    19
         Scorch            ||    34
    Use: Scroll            ||    11
         Potion            ||     1
 Armour: Robe              ||    26
  Dodge: Dodged            ||    23

Table legend: (Time is in decaauts)
 A = Elapsed time spent in this place.
 B = Non-inter-level travel time spent in this place.
 C = Inter-level travel time spent in this place.
 D = Time resting spent in this place.
 E = Time spent auto-exploring this place.
 F = Levels seen in this place.
 G = Mean time per level.
                   A        B        C        D        E       F      G
               +--------+--------+--------+--------+--------+-----+--------+
         Total |   1804 |   1804 |      0 |      0 |      0 |   3 |  601.3 |
       Dungeon |   1804 |   1804 |      0 |      0 |      0 |   3 |  601.3 |
               +--------+--------+--------+--------+--------+-----+--------+

Top non-repeatable levels by time:
     D:1: 735 daAuts
     D:2: 636 daAuts
     D:3: 432 daAuts
